 Dungeon Crawl Stone Soup version 0.30-a0-782-ge64f9170bb (webtiles) character file.

Game seed: 11713234022775673903

194 avis the Shooter (level 5, -1/41 HPs)
             Began as a Demigod Hunter on Feb 18, 2023.
             Slain by an ogre
             ... wielding a +0 giant club
              (28 damage)
             ... on level 4 of the Dungeon.
             The game lasted 00:19:05 (3779 turns).

avis the Shooter (Demigod Hunter)                   Turns: 3779, Time: 00:19:06

Health: -1/41      AC:  2    Str: 12    XL:     5   Next: 20%
Magic:  7/7        EV: 13    Int: 11    God:
Gold:   138        SH:  0    Dex: 27    Spells: 4/4 levels left

rFire   . . .      SeeInvis .    b - +0 shortbow
rCold   . . .      Faith    .    (shield currently unavailable)
rNeg    . . .      Spirit   .    v - +0 toga "Victory" {*Victory Clar}
rPois   .          Reflect  .    (no helmet)
rElec   .          Harm     .    (no cloak)
rCorr   .          Rampage  .    (no gloves)
Will    .....      Clarity  +    (no boots)
Stlth   +++                      (no amulet)
HPRegen 0.26/turn                m - ring of flight
MPRegen 0.10/turn                w - +6 ring of dexterity

@: flying
A: high MP 1, forlorn, divine attributes
a: no special abilities


You were on level 4 of the Dungeon.
You visited 1 branch of the dungeon, and saw 5 of its levels.

You collected 210 gold pieces.
You spent 72 gold pieces at shops.

Inventory:

Hand Weapons
 a - a +4 dagger
 b - a +0 shortbow (weapon)
 i - a +0 sling
Missiles
 h - a throwing net
Armour
 c - a +0 leather armour
 t - an orb of guile
 v - the +0 toga "Victory" (worn) {*Victory Clar}
   (You found it on level 3 of the Dungeon)

   *Victory:  When the wearer kills a threatening monster, it has a chance to
   gain +1 AC, +1 Slay, and +1 Int, capping at +7.
   When the wearer uses a scroll or a potion with a hostile monster in sight,
   its bonuses reset to +0.
   Unequipping it also resets its bonuses to +0.
   Clar:      It protects you against confusion.
Jewellery
 m - a ring of flight (left hand)
 w - a +6 ring of dexterity (right hand)
Scrolls
 g - a scroll of acquirement {unknown}
 j - 3 scrolls of teleportation {unknown}
 l - a scroll of enchant armour {unknown}
 n - 5 scrolls of identify {unknown}
 q - 2 scrolls of immolation
 x - a scroll of fog {unknown}
 y - a scroll of brand weapon {unknown}
 z - a scroll of enchant weapon {unknown}
Potions
 d - 3 potions of might
 e - a potion of lignification {unknown}
 f - a potion of curing
 k - a potion of brilliance {unknown}
 o - 2 potions of flight {unknown}
 p - a potion of heal wounds {unknown}
 r - a potion of invisibility {unknown}
 s - a potion of cancellation {unknown}
 u - a potion of mutation {unknown}


   Skills:
 - Level 1.7 Fighting
 * Level 5.5 Ranged Weapons
 - Level 1.7 Dodging
 - Level 3.0 Stealth


You had 4 spell levels left.
You didn't know any spells.
Your spell library was empty.

Dungeon Overview and Level Annotations

Branches:
Dungeon (5/15)
 Temple: D:4-7

Shops:
D:2 *

Annotations:
D:3 Eustachio


Innate Abilities, Weirdness & Mutations

You have an increased reservoir of magic. (+10% MP)
You shall have no god before yourself.
Your divine heritage dramatically boosts your attributes as you level up.


Message History

There is a stone staircase leading down here.
You see here a +0 robe.
There is a stone staircase leading down here.
You fly downwards.
The dart slug launches a dart at you. The slug dart misses you.
Found a glowing scarf and a mace.
There is a stone staircase leading up here.
Fire: b) +0 shortbow
Press: ? - help, Q - select action, (/) - cycle Shift-Dir - straight line, f - dart slug
Aim: a dart slug (94% to hit)
You shoot an arrow. The arrow hits the dart slug.
The dart slug is severely wounded.
The dart slug launches a dart at you. The slug dart hits you.
Fire: b) +0 shortbow
Press: ? - help, Q - select action, (/) - cycle Shift-Dir - straight line, f/p - dart slug
Aim: a dart slug (severely wounded, 94% to hit)
You shoot an arrow.
The arrow hits the dart slug but does no damage.
The dart slug is severely wounded.
Fire: b) +0 shortbow
Press: ? - help, Q - select action, (/) - cycle Shift-Dir - straight line, f/p - dart slug
Aim: a dart slug (severely wounded, 94% to hit)
You shoot an arrow.
The arrow hits the dart slug but does no damage.
The dart slug is severely wounded.
The ogre hits you with a +0 giant club! The dart slug launches a dart at you.
The slug dart hits you.
You fly upwards.
There is a stone staircase leading down here.
Fire: b) +0 shortbow
Press: ? - help, Q - select action, (/) - cycle Shift-Dir - straight line, f - dart slug
Aim: a dart slug (severely wounded, 94% to hit)
You shoot an arrow. The arrow hits the dart slug!
You kill the dart slug!
The ogre hits you with a +0 giant club!!
Ouch! That really hurt!
You die...

############ #.# #.# .# #.# #.#
#.# .# #.# #.# #.#
.#####.################.# #†#
[##.....................# #.#
.##.##.####.############# #.#
.##.##.# #.# #.#
.##.##.####.########### #.#
.##.##..........@O....#########.#
.##.#######.#########...........#
.##.# #.# ############# .##.#
###.# .##.# #...# .##.#####.#.#
............# #############


You could see an ogre.

Vanquished Creatures
  A scorpion (D:4)
  5 adders
  A worm (D:2)
  A dart slug (D:4)
  5 orcs
  10 ball pythons
  7 endoplasms
  6 goblins
  8 hobgoblins
  11 jackals
  3 quokkas
  4 bats
  2 frilled lizards (D:3)
  4 kobolds
  6 rats
74 creatures vanquished.

Vanquished Creatures (others)
  A plant (D:1)
  2 withered plants (D:1)
3 creatures vanquished.

Grand Total: 77 creatures vanquished

Notes
Turn   | Place    | Note
-------+----------+-------------------------------------------
     0 | D:1      | avis the Demigod Hunter began the quest for the Orb.
     0 | D:1      | Reached XP level 1. HP: 17/17 MP: 3/3
   106 | D:1      | Reached skill level 4 in Ranged Weapons
   106 | D:1      | Reached skill level 1 in Stealth
   312 | D:1      | Reached XP level 2. HP: 24/24 MP: 4/4
  1113 | D:2      | Reached XP level 3. HP: 29/29 MP: 5/5
  1490 | D:2      | Found Xuryps's Assorted Antiques.
  1509 | D:2      | Bought a grey potion for 23 gold pieces
  1509 | D:2      | Bought a murky coppery potion for 23 gold pieces
  1509 | D:2      | Bought a scroll labelled DERREUT KEUHATT for 26 gold pieces
  1551 | D:3      | Reached skill level 5 in Ranged Weapons
  2094 | D:3      | Reached XP level 4. HP: 36/36 MP: 6/6
  2116 | D:3      | Found the +0 toga "Victory" {*Victory Clar}
  2489 | D:4      | Noticed Eustachio
  3131 | D:4      | Reached XP level 5. HP: 24/41 MP: 7/7
  3684 | D:5      | Entered Level 5 of the Dungeon
  3773 | D:5      | Noticed an ogre
  3779 | D:4      | Slain by an ogre

Illustrated notes

Levels and vault maps discovered:
D:1:      minmay_arrival_plants_in_alcoves, layout_basic,
          shapermc_ecumenical_altar_flowoftime, solitary_fountain,
          minmay_misc_feat_more_columns, corner_web_ring, minmay_misc_feat_five,
          nrook_loot_triangle, chequers_mini_garden, minmay_split_cup_large
D:2:      layout_basic, serial_shops, nicolae_diamond_shop
D:3:      layout_loops_ring, kennysheep_generic_room_14
D:4:      layout_loops_ring, kennysheep_generic_room_8, uniq_eustachio
D:5:      layout_basic, minmay_temple_entry_stoned_glass, grunt_ministairs_11

Skill      XL: |  1  2  3  4 |
---------------+-------------+-----
Ranged Weapons | 4 5 |  5.5
Stealth        | 1 3 |  3.0
Fighting       | |  1.7
Dodging        | |  1.7

Action                     |  1- 3 |  4- 6 || total
---------------------------+-------+-------++-------
  Melee: Dagger            |     8 |    27 ||    35
         Punch             |       |     1 ||     1
   Fire: Shortbow          |   115 |    62 ||   177
    Use: Potion            |       |     3 ||     3
 Armour: Leather armour    |     6 |       ||     6
         Robe              |       |    10 ||    10
  Dodge: Dodged            |    34 |    38 ||    72

Table legend: (Time is in decaauts)
 A = Elapsed time spent in this place.
 B = Non-inter-level travel time spent in this place.
 C = Inter-level travel time spent in this place.
 D = Time resting spent in this place.
 E = Time spent auto-exploring this place.
 F = Levels seen in this place.
 G = Mean time per level.
                   A        B        C        D        E       F      G
               +--------+--------+--------+--------+--------+-----+--------+
         Total |   3824 |   3441 |    383 |    806 |   1865 |   5 |  764.8 |
       Dungeon |   3824 |   3441 |    383 |    806 |   1865 |   5 |  764.8 |
               +--------+--------+--------+--------+--------+-----+--------+

Top non-repeatable levels by time:
     D:4: 1292 daAuts
     D:3: 960 daAuts
     D:1: 831 daAuts
     D:2: 728 daAuts
     D:5: 12 daAuts
